 Dungeon Crawl Stone Soup version 0.15-a0-2036-g5428f20 (webtiles) character file.

102 AvylaarBelgium the Magician (level 4, 0/24 HPs)
             Began as a Deep Elf Fire Elementalist on July 13, 2014.
             Slain by soonmide's ghost (11 damage)
             ... on Level 3 of the Dungeon.
             The game lasted 00:04:54 (1315 turns).

AvylaarBelgium the Magician (DEFE)                  Turns: 1315, Time: 00:04:54

HP   0/24        AC  4     Str  5      XL: 4   Next: 50%
MP   9/15        EV 13     Int 21      God:
Gold 54          SH  0     Dex 15      Spells:  2 memorised,  8 levels left

rFire  . . .     SeeInvis .     n - +1 short sword (venom)
rCold  . . .     Clarity  .     a - +0 robe
rNeg   . . .     rCorr    .     (no shield)
rPois  .         rRot     .     (no helmet)
rElec  .         Spirit   .     s - +1 cloak
SustAb .         Warding  .     (no gloves)
rMut   .         Stasis   .     (no boots)
Gourm  .                        (no amulet)
MR     .....                    (no ring)
                                w - ring of flight

@: not resistant to hostile enchantments, unstealthy
A: no striking features
a: Evoke Flight


You were on level 3 of the Dungeon.
You were not hungry.

You visited 1 branch of the dungeon, and saw 3 of its levels.

You collected 54 gold pieces.

Inventory:

Hand weapons
 h - a +0 short sword
 n - a +1 short sword of venom (weapon)
Missiles
 g - 14 sling bullets
 i - 23 stones (quivered)
 t - 5 tomahawks
Armour
 a - a +0 robe (worn)
 s - a +1 cloak (worn)
Magical devices
 x - a wand of random effects (15) {unknown}
Comestibles
 c - 3 bread rations
 d - a fruit
 p - 2 meat rations
 v - a chunk of worm flesh
Scrolls
 e - a scroll of fog {unknown}
 f - a scroll of noise {unknown}
 o - 2 scrolls of identify {unknown}
 u - a scroll of teleportation {unknown}
Jewellery
 w - a ring of flight (left hand)
Potions
 j - a potion of resistance {unknown}
 k - a potion of curing {unknown}
 l - a potion of poison {unknown}
 m - a potion of brilliance {unknown}
 q - a potion of cancellation {unknown}
 r - 2 potions of porridge
Books
 b - a book of Flames

   Spells                             Type                      Level
   *Flame Tongue                      Conjuration/Fire             1
   *Throw Flame                       Conjuration/Fire             2
   Conjure Flame                      Conjuration/Fire             3
   Inner Flame                        Hexes/Fire                   3
   Sticky Flame                       Conjuration/Fire             4
   Fireball                           Conjuration/Fire             5


   Skills:
 - Level 2.4 Dodging
 - Level 2.4 Stealth
 + Level 4.4 Spellcasting
 + Level 2.7 Conjurations
 + Level 4.3 Fire Magic


You had 8 spell levels left.
You knew the following spells:

 Your Spells              Type           Power        Failure   Level  Hunger
a - Flame Tongue          Conj/Fire      ###..        2%          1    None
b - Throw Flame           Conj/Fire      ###...       4%          2    #......


Dungeon Overview and Level Annotations

Branches:
Dungeon (3/15)

Altars:
Dithmenos
Xom

Annotations:
D:3 soonmide's ghost, average TeGl


Message History

Aim: soonmide's ghost (moderately damaged)
The flame tongue hits soonmide's ghost.
Soonmide's ghost is heavily damaged.
Casting: Flame Tongue
Confirm with . or Enter, or press ? or * to list all spells.
Aiming: Flame Tongue
Press: ? - help, Shift-Dir - straight line, f/p - soonmide's ghost
Aim: soonmide's ghost (heavily damaged)
The flame tongue hits soonmide's ghost.
Soonmide's ghost is severely damaged.
Soonmide's ghost hits you!
Ouch! That really hurt!
Casting: Flame Tongue
Confirm with . or Enter, or press ? or * to list all spells.
Aiming: Flame Tongue
Press: ? - help, Shift-Dir - straight line, f/p - soonmide's ghost
Aim: soonmide's ghost (severely damaged)
The flame tongue misses soonmide's ghost.
Soonmide's ghost hits you!
You die...

#####
#...#
#.#.#
#.#.#
#.#.#
#.#.#####
#<#.....#
#######@#
.......W.#
#########


You could see soonmide's ghost.

Vanquished Creatures
  3 gnolls (D:2)
  3 adders (D:2)
  A worm (D:2)
  7 hobgoblins
  6 jackals (D:2)
  8 kobolds
  An ooze (D:2)
  A ball python (D:1)
  2 bats (D:2)
  4 giant newts
  3 goblins
  3 rats
42 creatures vanquished.

Notes
Turn   | Place    | Note
--------------------------------------------------------------
     0 | D:1      | AvylaarBelgium, the Deep Elf Fire Elementalist, began the quest for the Orb.
     0 | D:1      | Reached XP level 1. HP: 10/10 MP: 5/5
   229 | D:1      | Reached XP level 2. HP: 15/15 MP: 4/8
   919 | D:2      | Reached XP level 3. HP: 19/19 MP: 6/11
   944 | D:2      | Reached skill level 4 in Spellcasting
   950 | D:2      | Learned a level 2 spell: Throw Flame
  1032 | D:2      | Reached XP level 4. HP: 24/24 MP: 7/15
  1104 | D:2      | Found a shadowy altar of Dithmenos.
  1214 | D:2      | Found a shimmering altar of Xom.
  1310 | D:3      | Noticed soonmide's ghost (average TeGl)
  1315 | D:3      | Slain by soonmide's ghost

Action                   |  1- 3 |  4- 6 || total
-------------------------+-------+-------++-------
Melee: Unarmed           |     1 |       ||     1
       Short sword       |       |     4 ||     4
Throw: Stone             |     6 |     5 ||    11
 Cast: Flame Tongue      |    54 |    30 ||    84
       Throw Flame       |     1 |     4 ||     5
  Eat: Chunk             |       |     1 ||     1
